 Dungeon Crawl Stone Soup version 0.28-a0-794-gafe8c5f9e9 (webtiles) character file.

Game seed: 16627365656707419770

4 kae the Caller (level 1, -1/10 HPs)
             Began as a Tengu Summoner on Nov 5, 2021.
             Slain by a quokka (3 damage)
             ... on level 1 of the Dungeon.
             The game lasted 00:00:09 (94 turns).

kae the Caller (Tengu Summoner)                       Turns: 94, Time: 00:00:10

Health: -1/10      AC:  2    Str:  8    XL:     1   Next: 70%
Magic:  4/4        EV: 12    Int: 15    God:
Gold:   33         SH:  0    Dex: 14    Spells: 3/4 levels left

rFire   . . .      SeeInvis .   d - +0 spear
rCold   . . .      Faith    .   (no shield)
rNeg    . . .      Spirit   .   a - +0 robe
rPois   .          Reflect  .   (helmet restricted)
rElec   .          Harm     .   (no cloak)
rCorr   .          Rampage  .   (no gloves)
Will    .....                   (boots unavailable)
Stlth   ++........              (no amulet)
HPRegen 0.03/turn               (no ring)
MPRegen 0.09/turn               (no ring)

@: no status effects
A: beak, talons 3
a: no special abilities


You were on level 1 of the Dungeon.
You visited 1 branch of the dungeon, and saw 1 of its levels.

You collected 33 gold pieces.

Inventory:

Hand Weapons
 d - a +0 spear (weapon)
Armour
 a - a +0 robe (worn)
Scrolls
 b - a scroll of teleportation {unknown}
 c - a scroll of acquirement {unknown}


   Skills:
 + Level 0.2 Fighting
 + Level 2.3 Dodging
 - Level 2.0 Stealth
 + Level 2.0 Spellcasting
 * Level 4.9 Summonings


You had 3 spell levels left.
You knew the following spells:

 Your Spells              Type           Power      Damage    Failure   Level
a - Summon Small Mammal   Summ           64%        N/A       2%          1

Your spell library contained the following spells:

 Spells                   Type           Power      Damage    Failure   Level
 Call Imp                 Summ           16%        N/A       4%          2
 Call Canine Familiar     Summ           16%        N/A       9%          3
 Summon Guardian Golem    Hex/Summ       9%         N/A       24%         3
 Summon Lightning Spire   Summ/Air       9%         N/A       61%         4


Dungeon Overview and Level Annotations

Branches:
Dungeon (1/15)

Altars:

Shops:
D:1 =


Innate Abilities, Weirdness & Mutations

You have a beak for a mouth.
You have claws for feet.


Message History

You hit the quokka. Your peck misses the quokka.
The quokka is heavily wounded.
Your bat misses the quokka. The quokka bites you.
You closely miss the quokka. You peck the quokka, but do no damage.
The quokka is heavily wounded.
Your bat misses the quokka.
The quokka bites you but does no damage.
There are monsters nearby!
You hit the quokka.
You kill the quokka!
Your bat barely misses the quokka.
The quokka misses you. The quokka barely misses you.
You closely miss the quokka.
The quokka is heavily wounded.
Your bat completely misses the quokka.
The quokka bites you.
You are too injured to fight recklessly!
You are too injured to fight recklessly!
A quokka is nearby!
You are too injured to fight recklessly!
You are too injured to fight recklessly!
You are too injured to fight recklessly!
You are too injured to fight recklessly!
You hit the quokka but do no damage.
The quokka is heavily wounded.
Your bat hits the quokka but does no damage.
The quokka bites you but does no damage.
Your bat barely misses the quokka.
You closely miss the quokka.
The quokka is heavily wounded.
Your bat closely misses the quokka.
The quokka bites you.
* * * LOW HITPOINT WARNING * * *
The quokka barely misses you.
You closely miss the quokka.
The quokka is heavily wounded.
Your bat hits the quokka but does no damage.
The quokka closely misses you.
You hit the quokka. Your kick misses the quokka. Your peck misses the quokka.
The quokka is almost dead.
Your bat misses the quokka. The quokka bites you.
You die...

...
...####..#.####
....#.## #..#.#
... .. #..#.#
..
.....###..#.# .
.............#
.... ..##.##.##
##.#####
#......#
#.@....#
#†r....#
#..b...#
#......#
#..#.....
........##
.#.∩.#....
##......#..


You could see a quokka (ally target) and a friendly bat (summoned).

Vanquished Creatures
  A bat (D:1)
  2 quokkas (D:1)
  A frilled lizard (D:1)
4 creatures vanquished.

Notes
Turn   | Place    | Note
-------+----------+-------------------------------------------
     0 | D:1      | kae the Tengu Summoner began the quest for the Orb.
     0 | D:1      | Reached XP level 1. HP: 10/10 MP: 4/4
    85 | D:1      | Found Kygown's Jewellery Shoppe.
    94 | D:1      | Slain by a quokka

Illustrated notes

Levels and vault maps discovered:
D:1:      roderic_crossed_star, layout_rooms, serial_shops, nicolae_shop_stone,
          shapermc_ecumenical_altar_rom_forum

Action                   || total
-------------------------++-------
Melee: Spear             ||    12
       Unarmed           ||     5
       Peck              ||     2
       Kick              ||     1
 Cast: Summon Small Mamm ||     2
 Stab: Sleeping          ||     1
Armor: Robe              ||     3
Dodge: Dodged            ||    11

Table legend: (Time is in decaauts)
 A = Elapsed time spent in this place.
 B = Non-inter-level travel time spent in this place.
 C = Inter-level travel time spent in this place.
 D = Time resting spent in this place.
 E = Time spent auto-exploring this place.
 F = Levels seen in this place.
 G = Mean time per level.
                   A        B        C        D        E       F      G
               +--------+--------+--------+--------+--------+-----+--------+
         Total |     94 |     94 |      0 |      0 |     45 |   1 |   94.0 |
       Dungeon |     94 |     94 |      0 |      0 |     45 |   1 |   94.0 |
               +--------+--------+--------+--------+--------+-----+--------+

Top non-repeatable levels by time:
     D:1: 94 daAuts
